[Event "2nd FIDE WCC Rapid G10"]
[Site "Minsk"]
[Date "2018.06.22"]
[Round "4"]
[White "Ponomareva, Varvara"]
[Black "Edithso, Samantha"]
[Result "0-1"]
[ECO "E90"]
[WhiteElo "1262"]
[BlackElo "1714"]
[Annotator "NA RC"]
[PlyCount "62"]
[EventDate "2018.06.22"]
[EventType "rapid"]
[EventCountry "BLR"]
[SourceTitle "playchess.com"]
[Source "ChessBase"]
[SourceQuality "1"]
[TimeControl "600+5"]

1. d4 Nf6 2. c4 g6 3. Nc3 Bg7 4. e4 d6 5. Nf3 O-O 6. Bg5 c5 7. d5 Bg4 8. h3 Bxf3 9. Qxf3 Nbd7 10. Qe3 Qb6 11. O-O-O a6 12. f4 Qc7 13. Re1 h6 14. Bxf6 Bxf6 15. g4 Bg7 16. h4 Rae8 17. f5 Ne5 18. Qg3 Rb8 19. fxg6 fxg6 20. Be2 b5 21. cxb5 axb5 22. Nxb5 Qa5 23. Qa3 Rxb5 24. Bxb5 Qxb5 25. Kb1 Nc4 26. Qb3 Nd2+ 27. Kc2 Nxb3 28. axb3 Rf2+ 29. Kc1 Qd3 30. Re2 Qxe2 31. g5 Qc2# 0-1

[Event "2nd FIDE WCC Rapid G10"]
[Site "Minsk"]
[Date "2018.06.23"]
[Round "5"]
[White "Kleymenova, Valeria"]
[Black "Shvedova, Alexandra"]
[Result "0-1"]
[ECO "D00"]
[WhiteElo "1669"]
[BlackElo "1758"]
[Annotator "NA"]
[PlyCount "118"]
[EventDate "2018.06.22"]
[EventType "rapid"]
[EventCountry "BLR"]
[SourceTitle "playchess.com"]
[Source "ChessBase"]
[SourceQuality "1"]
[TimeControl "600+5"]

1. d4 d5 2. Bf4 Nf6 3. e3 c5 4. c3 Nc6 5. Nf3 Bf5 6. Bd3 Bg6 7. O-O e6 8. Qe2 Be7 9. Nbd2 O-O 10. h3 Qb6 11. Rab1 Qa5 12. a3 Qd8 13. Rfe1 a6 14. Ne5 Nxe5 15. Bxe5 Nd7 16. Bg3 Nf6 17. Nf3 Ne4 18. Bf4 f6 19. Nd2 Nxd2 20. Qxd2 Bxd3 21. Qxd3 Bd6 22. Bxd6 Qxd6 23. Rbd1 Rad8 24. e4 cxd4 25. Qxd4 Qc7 26. exd5 Rxd5 27. Qe4 Re5 28. Qa4 Rxe1+ 29. Rxe1 e5 30. Qb3+ Qf7 31. Qb4 Rd8 32. f4 Re8 33. Qa4 Qe6 34. fxe5 fxe5 35. Rf1 b5 36. Qe4 Qb6+ 37. Kh2 Qe6 38. Rf2 Qb6 39. Qd5+ Qe6 40. Qe4 Qb6 41. Re2 Qe6 42. Qb4 Qe7 43. Qb3+ Qe6 44. Qc2 Qd6 45. Qe4 Qe6 46. Rd2 Qh6 47. Qd5+ Qe6 48. Qb7 e4 49. Qa7 e3 50. Rd7 Qe5+ 51. Kh1 e2 52. Qg1 e1=Q 53. Qxe1 Qxe1+ 54. Kh2 Qe5+ 55. Kh1 Qf4 56. Rd8 Rxd8 57. g3 Qf3+ 58. Kh2 Rd2+ 59. Kg1 Qg2# 0-1

[Event "2nd FIDE WCC Rapid G10"]
[Site "Minsk"]
[Date "2018.06.23"]
[Round "5"]
[White "Zhapova, Yana"]
[Black "Svergina, Sofya"]
[Result "1-0"]
[ECO "C07"]
[WhiteElo "1597"]
[BlackElo "1316"]
[Annotator "NA"]
[PlyCount "95"]
[EventDate "2018.06.22"]
[EventType "rapid"]
[EventCountry "BLR"]
[SourceTitle "playchess.com"]
[Source "ChessBase"]
[SourceQuality "1"]
[TimeControl "600+5"]

1. e4 e6 2. d4 d5 3. Nd2 c5 4. exd5 Qxd5 5. Ngf3 Nf6 6. Bc4 Qd8 7. O-O cxd4 8. Nb3 Nc6 9. Nbxd4 Nxd4 10. Nxd4 Be7 11. Be3 O-O 12. Qe2 Qc7 13. Rad1 Bd7 14. c3 Rac8 15. Bd3 Bd6 16. h3 h6 17. Bb5 a6 18. Bxd7 Qxd7 19. Nf3 Qe7 20. Rd2 Rfd8 21. Rfd1 Bc7 22. Bd4 Bf4 23. Rd3 Bc7 24. c4 e5 25. Bxe5 Rxd3 26. Rxd3 Bxe5 27. Qxe5 Qxe5 28. Nxe5 b5 29. b3 Re8 30. Re3 bxc4 31. Nxc4 Rxe3 32. Nxe3 Kf8 33. Kf1 Ke7 34. Ke2 Kd6 35. Nf5+ Kc5 36. a3 Ne8 37. Kd3 a5 38. g4 f6 39. f4 g5 40. Nxh6 gxf4 41. Ke4 Nd6+ 42. Kxf4 Kd4 43. b4 axb4 44. axb4 Kc4 45. Ng8 Ne8 46. Kf5 Kxb4 47. h4 Kc5 48. h5 1-0

[Event "2nd FIDE WCC Rapid G10"]
[Site "Minsk"]
[Date "2018.06.23"]
[Round "5"]
[White "Szczotka, Klara"]
[Black "Shukhman, Anna"]
[Result "0-1"]
[ECO "B34"]
[WhiteElo "1465"]
[BlackElo "1577"]
[Annotator "NA"]
[PlyCount "152"]
[EventDate "2018.06.22"]
[EventType "rapid"]
[EventCountry "BLR"]
[SourceTitle "playchess.com"]
[Source "ChessBase"]
[SourceQuality "1"]
[TimeControl "600+5"]

1. e4 c5 2. Nf3 Nc6 3. d4 cxd4 4. Nxd4 g6 5. Nc3 Bg7 6. Nde2 Nf6 7. g3 d6 8. Bg2 O-O 9. O-O Nd7 10. a4 Qa5 11. Nd5 Nde5 12. Ra2 Bg4 13. f3 Be6 14. c3 Bxd5 15. exd5 Qb6+ 16. Kh1 Na5 17. Nd4 Nd7 18. Be3 Nc4 19. Bg1 Qd8 20. b3 Ncb6 21. f4 Rc8 22. Qd2 Nf6 23. Ne2 a6 24. a5 Nbd7 25. Rc1 Nc5 26. b4 Ncd7 27. Rac2 b6 28. Ra1 b5 29. Nd4 Nb8 30. Re1 Qd7 31. Qe2 Rfe8 32. Nc6 Nxc6 33. dxc6 Qf5 34. Rcc1 e5 35. fxe5 Rxe5 36. Qd2 Ne4 37. Qc2 Nxg3+ 38. hxg3 Qxc2 39. Rxc2 Rxe1 40. Kh2 Re5 41. Bd4 Rh5+ 42. Kg1 Bxd4+ 43. cxd4 Rg5 44. Kf2 Rf5+ 45. Ke3 Rc7 46. Bh3 Rh5 47. Bg4 Rg5 48. Kf4 h6 49. Re2 Kg7 50. Bh3 Rd5 51. Re4 f5 52. Re6 Rxd4+ 53. Ke3 Re4+ 54. Rxe4 fxe4 55. Kxe4 Rxc6 56. Kd5 Rc4 57. Kxd6 Rxb4 58. Kc5 Rb3 59. Bc8 Rxg3 60. Bxa6 h5 61. Bxb5 Ra3 62. a6 h4 63. Kd4 Ra5 64. Be2 Kf6 65. Ke4 Ra4+ 66. Kf3 Kf5 67. Bd3+ Kf6 68. Be2 g5 69. Kg2 Ra2 70. Kf1 Ke5 71. Bd3 Kf4 72. Kg1 Kg3 73. Bf1 Ra1 74. a7 Rxa7 75. Kh1 Ra1 76. Kg1 h3 0-1

[Event "2nd FIDE WCC Rapid G10"]
[Site "Minsk"]
[Date "2018.06.23"]
[Round "5"]
[White "Kirdyashkina, Ekaterina"]
[Black "Khamdamova, Afruza"]
[Result "0-1"]
[ECO "C42"]
[WhiteElo "1463"]
[BlackElo "1383"]
[Annotator "NA"]
[PlyCount "112"]
[EventDate "2018.06.22"]
[EventType "rapid"]
[EventCountry "BLR"]
[SourceTitle "playchess.com"]
[Source "ChessBase"]
[SourceQuality "1"]
[TimeControl "600+5"]

1. e4 e5 2. Nf3 Nf6 3. Nxe5 d6 4. Nf3 Nxe4 5. Be2 d5 6. O-O Bd6 7. d3 Nf6 8. Nc3 O-O 9. Bg5 c6 10. h3 Bf5 11. a3 Nbd7 12. Re1 Qb6 13. Rb1 d4 14. Ne4 Nxe4 15. dxe4 Bxe4 16. Nxd4 Bc5 17. Be3 Rad8 18. b4 Bxd4 19. Bxd4 Qc7 20. Qc1 Ne5 21. Bxe5 Qxe5 22. Bd3 f5 23. Qe3 Qf6 24. Bxe4 fxe4 25. Re2 Rde8 26. Qxa7 b5 27. Qe3 Qg6 28. Kh1 Rf5 29. Rg1 Rh5 30. Kh2 Qd6+ 31. Qg3 Qd7 32. Rge1 Rhe5 33. f3 e3 34. Qf4 Qe7 35. Kg1 Rf8 36. Qg3 Re8 37. f4 Re4 38. Qf3 Qd6 39. Rxe3 Qd4 40. Kf2 Rxf4 41. Qxf4 Qxf4+ 42. Rf3 Qd4+ 43. Kf1 Qc4+ 44. Rd3 Rxe1+ 45. Kxe1 Qxc2 46. Rd6 Qxg2 47. Re6 Kf7 48. Re3 g5 49. Kd1 h5 50. Rd3 g4 51. hxg4 hxg4 52. Rd7+ Ke6 53. Rg7 g3 54. Rg6+ Kf7 55. Rg5 Qf3+ 56. Kc2 g2 0-1

[Event "2nd FIDE WCC Rapid G10"]
[Site "Minsk"]
[Date "2018.06.23"]
[Round "5"]
[White "Borovikova, Marija"]
[Black "Zavivaeva, Evelina"]
[Result "1-0"]
[ECO "C01"]
[WhiteElo "1172"]
[BlackElo "1390"]
[Annotator "NA"]
[PlyCount "111"]
[EventDate "2018.06.22"]
[EventType "rapid"]
[EventCountry "BLR"]
[SourceTitle "playchess.com"]
[Source "ChessBase"]
[SourceQuality "1"]
[TimeControl "600+5"]

1. e4 e6 2. d4 d5 3. exd5 exd5 4. Nf3 Be7 5. Bd3 Nf6 6. O-O Nc6 7. c3 Bg4 8. h3 Bh5 9. Bf4 Qd7 10. Nbd2 O-O-O 11. a4 h6 12. a5 g5 13. Bh2 g4 14. hxg4 Bxg4 15. a6 b6 16. Bb5 Qe8 17. Re1 Bd7 18. Bxc6 Bxc6 19. Be5 Ne4 20. Bxh8 Qxh8 21. Ne5 Qf6 22. Nxc6 Qxc6 23. Qg4+ Kb8 24. Nxe4 dxe4 25. Qxe4 Qxe4 26. Rxe4 Bd6 27. Rae1 c6 28. Re8 Kc7 29. Rxd8 Kxd8 30. Re4 f5 31. Re6 Kd7 32. Rxh6 c5 33. dxc5 bxc5 34. Rf6 f4 35. Rf7+ Be7 36. Rxf4 Kc6 37. g4 Bg5 38. Rf5 Bc1 39. g5 Kb5 40. g6 Bh6 41. Rf7 Kxa6 42. g7 Bxg7 43. Rxg7 Kb6 44. f4 a5 45. f5 Kc6 46. f6 Kb5 47. f7 Ka4 48. f8=Q c4 49. Qa3+ Kb5 50. Rg5+ Kc6 51. Qxa5 Kd6 52. Rg6+ Ke7 53. Qa7+ Kf8 54. Qg7+ Ke8 55. Ra6 Kd8 56. Ra8# 1-0

[Event "2nd FIDE WCC Rapid G10"]
[Site "Minsk"]
[Date "2018.06.23"]
[Round "6"]
[White "Shukhman, Anna"]
[Black "Shvedova, Alexandra"]
[Result "1/2-1/2"]
[ECO "C67"]
[WhiteElo "1577"]
[BlackElo "1758"]
[Annotator "NA"]
[PlyCount "111"]
[EventDate "2018.06.22"]
[EventType "rapid"]
[EventCountry "BLR"]
[SourceTitle "playchess.com"]
[Source "ChessBase"]
[SourceQuality "1"]
[TimeControl "600+5"]

1. e4 e5 2. Nf3 Nc6 3. Bb5 Nf6 4. O-O Nxe4 5. d4 Nd6 6. Bxc6 dxc6 7. dxe5 Nf5 8. Qxd8+ Kxd8 9. Nc3 Bb4 10. Ne4 h6 11. a3 Bf8 12. b3 Be6 13. Bb2 b6 14. Rad1+ Ke8 15. h3 Ne7 16. Rfe1 c5 17. Rd2 Bd5 18. Nf6+ gxf6 19. exf6 Bxf3 20. fxe7 Rg8 21. exf8=Q+ Kxf8 22. g3 Bc6 23. Bf6 Rg6 24. Rd8+ Rxd8 25. Bxd8 Bd7 26. Bxc7 Bxh3 27. Rd1 Ke7 28. Bd8+ Ke8 29. Bc7 Rc6 30. Bf4 Bf5 31. c3 Bc2 32. Rd6 Rxd6 33. Bxd6 Bxb3 34. Bb8 Kd7 35. Kg2 Kc6 36. Kf3 a5 37. Ke3 Kb5 38. Kd2 Ka4 39. Ba7 Kb5 40. Kc1 Kc6 41. Bb8 b5 42. Kb2 a4 43. Be5 Kd5 44. Bf4 h5 45. Be3 Kc4 46. Bf4 b4 47. axb4 cxb4 48. cxb4 Kxb4 49. Bd2+ Kc4 50. Ka3 Kd3 51. Be3 f5 52. Bb6 Ke4 53. Be3 Kf3 54. Kb2 Kg4 55. Ka3 Kf3 56. Kb2 1/2-1/2

[Event "2nd FIDE WCC Rapid G10"]
[Site "Minsk"]
[Date "2018.06.23"]
[Round "6"]
[White "Gupta, Sara"]
[Black "Vlasova, Olesia"]
[Result "1/2-1/2"]
[ECO "B23"]
[WhiteElo "1525"]
[BlackElo "1682"]
[Annotator "NA"]
[PlyCount "74"]
[EventDate "2018.06.22"]
[EventType "rapid"]
[EventCountry "BLR"]
[SourceTitle "playchess.com"]
[Source "ChessBase"]
[SourceQuality "1"]
[TimeControl "600+5"]

1. e4 c5 2. Nc3 e6 3. f4 Nc6 4. Nf3 d5 5. d3 a6 6. a4 b6 7. g3 Bb7 8. Bg2 Nge7 9. O-O g6 10. g4 Bg7 11. Ne2 O-O 12. Ng3 Qd7 13. c3 Rad8 14. Nd2 Qc7 15. f5 Be5 16. f6 Nc8 17. Qf3 d4 18. c4 Rfe8 19. Qf2 Bd6 20. Nf3 Bf8 21. Bg5 e5 22. Qd2 Qd6 23. Bh6 Bxh6 24. Qxh6 Qf8 25. Qh4 Nd6 26. Ng5 h6 27. Nf3 Nb4 28. Rad1 Nc2 29. Rfe1 Nxe1 30. Rxe1 Bc8 31. g5 h5 32. Nxh5 gxh5 33. Qxh5 Be6 34. g6 fxg6 35. Qxg6+ Kh8 36. Qh5+ Kg8 37. Qg6+ Kh8 1/2-1/2

[Event "2nd FIDE WCC Rapid G10"]
[Site "Minsk"]
[Date "2018.06.23"]
[Round "6"]
[White "Marchenko, Yelyzaveta"]
[Black "Edithso, Samantha"]
[Result "0-1"]
[ECO "A45"]
[WhiteElo "1510"]
[BlackElo "1714"]
[Annotator "NA"]
[PlyCount "96"]
[EventDate "2018.06.22"]
[EventType "rapid"]
[EventCountry "BLR"]
[SourceTitle "playchess.com"]
[Source "ChessBase"]
[SourceQuality "1"]
[TimeControl "600+5"]

1. d4 Nf6 2. Bf4 g6 3. e3 Bg7 4. Nf3 O-O 5. c4 c6 6. Nc3 d5 7. cxd5 Nxd5 8. Nxd5 cxd5 9. Bd3 Nc6 10. O-O Bg4 11. h3 Bxf3 12. Qxf3 Kh8 13. a3 f6 14. Qe2 e5 15. dxe5 fxe5 16. Bh2 Qe7 17. Rac1 a6 18. Rfd1 e4 19. Bb1 Rad8 20. b4 Ne5 21. Ba2 Nd3 22. Rc7 Rd7 23. Rxd7 Qxd7 24. f3 Bh6 25. Bb1 Qe6 26. f4 Bg7 27. Bxd3 exd3 28. Qxd3 Rd8 29. Bg3 d4 30. exd4 Rxd4 31. Qc2 Rc4 32. Qf2 Qe8 33. Bh4 Rc8 34. Qb6 Rb8 35. Kh2 Qf8 36. Qc7 b5 37. Rd7 Rc8 38. Qd6 Qxd6 39. Rxd6 Ra8 40. Be1 Bf8 41. Bc3+ Kg8 42. Rd3 Ra7 43. Kg3 Kf7 44. Kf3 Be7 45. Ke4 Ke6 46. g4 Rc7 47. Kd4 Bf6+ 48. Ke4 Bxc3 0-1

[Event "2nd FIDE WCC Rapid G10"]
[Site "Minsk"]
[Date "2018.06.23"]
[Round "6"]
[White "Darmaeva, Nomina"]
[Black "Satanovskaia, Evgeniia"]
[Result "0-1"]
[ECO "C50"]
[WhiteElo "1388"]
[BlackElo "1384"]
[Annotator "NA"]
[PlyCount "59"]
[EventDate "2018.06.22"]
[EventType "rapid"]
[EventCountry "BLR"]
[SourceTitle "playchess.com"]
[Source "ChessBase"]
[SourceQuality "1"]
[TimeControl "600+5"]

1. e4 e5 2. Nf3 Nc6 3. d4 exd4 4. Bc4 Be7 5. c3 dxc3 6. Qd5 Nh6 7. Bxh6 O-O 8. Bxg7 Kxg7 9. Nxc3 d6 10. Qh5 Bf6 11. O-O Ne5 12. Nxe5 Bxe5 13. f4 Bd4+ 14. Kh1 Bxc3 15. bxc3 Qf6 16. Rf3 Kh8 17. f5 Bd7 18. Raf1 Be8 19. Bd3 Rg8 20. Rh3 Rg7 21. Qf3 Bc6 22. Qe2 Rag8 23. Rg1 Re8 24. Re3 Re7 25. c4 Re8 26. Qf2 Re5 27. g4 h6 28. Qd2 Qg5 29. Qf2 Qf6 30. Qf4 {time} 0-1

[Event "2nd FIDE WCC Rapid G10"]
[Site "Minsk"]
[Date "2018.06.23"]
[Round "6"]
[White "Khamdamova, Afruza"]
[Black "Kleymenova, Valeria"]
[Result "1-0"]
[ECO "C15"]
[WhiteElo "1383"]
[BlackElo "1669"]
[Annotator "NA"]
[PlyCount "131"]
[EventDate "2018.06.22"]
[EventType "rapid"]
[EventCountry "BLR"]
[SourceTitle "playchess.com"]
[Source "ChessBase"]
[SourceQuality "1"]
[TimeControl "600+5"]

1. e4 e6 2. d4 d5 3. Nc3 Bb4 4. exd5 exd5 5. Nf3 Nf6 6. Bd3 O-O 7. O-O Bg4 8. Bg5 c6 9. h3 Bh5 10. a3 Bd6 11. Be2 Nbd7 12. Ne5 Bxe2 13. Qxe2 Re8 14. f4 Qb6 15. Qf2 Qxb2 16. Qf3 Qb6 17. Qf2 h6 18. Bh4 a6 19. Rab1 Qa7 20. Nxd7 Nxd7 21. Ne2 Be7 22. Bxe7 Rxe7 23. Ng3 Kh7 24. Nf5 Re6 25. Rbe1 Rae8 26. Rd1 Nf6 27. Qg3 g6 28. Nh4 Ne4 29. Qf3 Nf6 30. f5 gxf5 31. Qxf5+ Kg7 32. Rd3 Qb8 33. Qf2 Kh8 34. Nf5 Re2 35. Qh4 Rxg2+ 36. Kxg2 Rg8+ 37. Kh1 Rg6 38. Nxh6 Ne4 39. Nxf7+ Kg7 40. Qh8+ Qxh8 41. Nxh8 Kxh8 42. Rf7 Rg7 43. Rf8+ Kh7 44. Rb3 Nd6 45. Rd8 Nb5 46. c3 Rg3 47. Rd7+ Rg7 48. Rxg7+ Kxg7 49. a4 Nd6 50. Kg2 b5 51. axb5 axb5 52. Kf3 Nc4 53. Kf4 Kf6 54. Rb1 Nd2 55. Ra1 Ke6 56. h4 Nb3 57. Ra6 Kd6 58. h5 Nd2 59. h6 Ne4 60. h7 Nf6 61. h8=Q Nd7 62. Qh6+ Ke7 63. Ra7 Ke8 64. Qe6+ Kf8 65. Rxd7 b4 66. Qf7# 1-0

[Event "2nd FIDE WCC Rapid G10"]
[Site "Minsk"]
[Date "2018.06.23"]
[Round "6"]
[White "Novikova, Daria"]
[Black "Szczotka, Klara"]
[Result "1-0"]
[ECO "A80"]
[WhiteElo "1341"]
[BlackElo "1465"]
[Annotator "NA"]
[PlyCount "97"]
[EventDate "2018.06.22"]
[EventType "rapid"]
[EventCountry "BLR"]
[SourceTitle "playchess.com"]
[Source "ChessBase"]
[SourceQuality "1"]
[TimeControl "600+5"]

1. d4 f5 2. Nf3 Nf6 3. Bg5 g6 4. c4 Bg7 5. Nc3 O-O 6. Bf4 d6 7. e3 e6 8. Be2 Qe7 9. O-O Nbd7 10. h3 b6 11. Qb3 Kh8 12. Qa3 c5 13. Nb5 e5 14. Bh2 Bb7 15. Nxd6 Bxf3 16. Bxf3 e4 17. Be2 cxd4 18. exd4 Ne8 19. Nxe8 Qxa3 20. bxa3 Bxd4 21. Rad1 Rfxe8 22. Rxd4 Nc5 23. Rfd1 e3 24. Bf3 Rac8 25. Bd6 exf2+ 26. Kxf2 Ne6 27. Be5+ Kg8 28. Bd5 Kf8 29. Bd6+ Kg7 30. Bxe6 Rxe6 31. Bb4 a5 32. Bc3 Kf7 33. Rd7+ Kg8 34. Rd8+ Re8 35. Rxc8 Rxc8 36. Rd4 Kf7 37. Ke3 Ke6 38. Kd3 Rc6 39. Bd2 Rc5 40. Be3 Rc6 41. Rh4 Rc7 42. Bxb6 Rd7+ 43. Kc3 a4 44. c5 Rb7 45. Rxa4 Kd5 46. Ra7 Rb8 47. Rxh7 Ke5 48. Bc7+ Kd5 49. Bxb8 1-0

[Event "2nd FIDE WCC Rapid G10"]
[Site "Minsk"]
[Date "2018.06.23"]
[Round "6"]
[White "Ho, Ngoc Vy"]
[Black "Zhapova, Yana"]
[Result "0-1"]
[ECO "D45"]
[WhiteElo "1275"]
[BlackElo "1597"]
[Annotator "NA"]
[PlyCount "93"]
[EventDate "2018.06.22"]
[EventType "rapid"]
[EventCountry "BLR"]
[SourceTitle "playchess.com"]
[Source "ChessBase"]
[SourceQuality "1"]
[TimeControl "600+5"]

1. d4 d5 2. c4 e6 3. Nf3 c6 4. e3 Nf6 5. Nc3 Nbd7 6. Qc2 Be7 7. Bd3 dxc4 8. Bxc4 b5 9. Bd3 Bb7 10. O-O O-O 11. e4 b4 12. Ne2 h6 13. Nf4 c5 14. Qe2 cxd4 15. Nxd4 Ne5 16. Nc2 Nxd3 17. Nxd3 Bxe4 18. Ndxb4 a5 19. Rd1 Qc7 20. Nd3 Rac8 21. Nd4 e5 22. Nb5 Qb8 23. Nc3 Bxd3 24. Rxd3 Rfd8 25. Re3 Bd6 26. h3 Rc5 27. Ne4 Nxe4 28. Rxe4 Rdc8 29. Qg4 Rxc1+ 30. Rxc1 Rxc1+ 31. Kh2 Qc8 32. Qf3 f5 33. Qb3+ Kh8 34. Re3 e4+ 35. g3 Qc2 36. Qxc2 Rxc2 37. Kg2 Rxb2 38. g4 g6 39. Rc3 Kg7 40. Rc6 Be7 41. Re6 Bc5 42. Rc6 Rxf2+ 43. Kg1 Rc2+ 44. Kf1 e3 45. Rc7+ Kf6 46. gxf5 e2+ 47. Ke1 0-1

[Event "2nd FIDE WCC Rapid G10"]
[Site "Minsk"]
[Date "2018.06.23"]
[Round "6"]
[White "Borovikova, Marija"]
[Black "Mutina, Sofia"]
[Result "1-0"]
[ECO "C01"]
[WhiteElo "1172"]
[BlackElo "1341"]
[Annotator "NA"]
[PlyCount "141"]
[EventDate "2018.06.22"]
[EventType "rapid"]
[EventCountry "BLR"]
[SourceTitle "playchess.com"]
[Source "ChessBase"]
[SourceQuality "1"]
[TimeControl "600+5"]

1. e4 e6 2. d4 d5 3. exd5 exd5 4. Nf3 Bd6 5. Bd3 Ne7 6. O-O O-O 7. c3 Be6 8. Ng5 Bf5 9. Bxf5 Nxf5 10. Qc2 g6 11. Nf3 Nd7 12. Qb3 Nb6 13. Nbd2 Re8 14. a4 a5 15. c4 dxc4 16. Nxc4 Nxc4 17. Qxc4 Be7 18. Bf4 c6 19. Rad1 Qd5 20. Qxd5 cxd5 21. Rc1 Rac8 22. Bc7 Bb4 23. Be5 Ne7 24. Bf4 Nc6 25. Be3 f5 26. Rc2 Rcd8 27. Rfc1 Re4 28. Ng5 Nxd4 29. Bxd4 Rxd4 30. Ne6 Bd2 31. Nxd4 Bxc1 32. Rxc1 Re8 33. f3 Re7 34. Kf2 Kf7 35. Nb3 b6 36. Rc6 Rb7 37. Rd6 Rc7 38. Rxd5 Rc2+ 39. Rd2 Rc6 40. Rd7+ Kg8 41. Ke3 Rc2 42. Rd2 Rc6 43. Nd4 Rc4 44. b3 Rc8 45. Nb5 Re8+ 46. Kf2 Rc8 47. Rd6 Rc2+ 48. Kg3 Rb2 49. Rxb6 Rxb3 50. Ra6 Rb4 51. Rxa5 f4+ 52. Kg4 h5+ 53. Kg5 Rb2 54. Kxf4 Rxg2 55. h3 g5+ 56. Kf5 Rg3 57. Nd4 Rxh3 58. Kxg5 h4 59. Kg4 Rh1 60. Rh5 Ra1 61. a5 Kf7 62. Kxh4 Ra4 63. Rd5 Ke7 64. f4 Kf6 65. f5 Ke7 66. Kg5 Kf7 67. f6 Ra3 68. Rd7+ Ke8 69. Re7+ Kf8 70. Ne6+ Kg8 71. f7+ 1-0

[Event "2nd FIDE WCC Rapid G10"]
[Site "Minsk"]
[Date "2018.06.23"]
[Round "7"]
[White "Shvedova, Alexandra"]
[Black "Khamdamova, Afruza"]
[Result "0-1"]
[ECO "D55"]
[WhiteElo "1758"]
[BlackElo "1383"]
[Annotator "NA"]
[PlyCount "128"]
[EventDate "2018.06.22"]
[EventType "rapid"]
[EventCountry "BLR"]
[SourceTitle "playchess.com"]
[Source "ChessBase"]
[SourceQuality "1"]
[TimeControl "600+5"]

1. d4 Nf6 2. c4 e6 3. Nc3 d5 4. Bg5 Be7 5. Nf3 O-O 6. e3 b6 7. Bd3 Bb7 8. O-O Nbd7 9. Rc1 Rc8 10. Re1 c5 11. Qe2 cxd4 12. Nxd4 Ne5 13. Bxf6 Bxf6 14. cxd5 Nxd3 15. Qxd3 exd5 16. Red1 Qd7 17. Nf3 Rfd8 18. Rc2 Qg4 19. h3 Qc4 20. Qxc4 dxc4 21. Nd4 Rc7 22. Ncb5 Rc5 23. Rdc1 a6 24. Na3 b5 25. Ne2 Be4 26. f3 Bxc2 27. Rxc2 Rd3 28. Kf2 Bxb2 29. Nxc4 bxc4 30. Rxb2 g6 31. Nf4 Rd8 32. Rc2 a5 33. e4 a4 34. Nd5 Rb8 35. Ne3 a3 36. Rxc4 Rb2+ 37. Ke1 Rxc4 38. Nxc4 Rxa2 39. Kd1 Ra1+ 40. Kc2 a2 41. Kb2 Rc1 42. Kxa2 Rxc4 43. Kb3 Rc8 44. g3 Kg7 45. f4 Kf6 46. g4 Re8 47. e5+ Ke6 48. Kc4 Rd8 49. Kc5 h5 50. Kc4 f6 51. exf6 Kxf6 52. Kc5 hxg4 53. hxg4 g5 54. f5 Rh8 55. Kd4 Rh4 56. Ke4 Rxg4+ 57. Kf3 Kxf5 58. Ke3 Re4+ 59. Kf3 g4+ 60. Kg3 Re3+ 61. Kf2 Kf4 62. Kg2 g3 63. Kf1 Kf3 64. Kg1 Re1# 0-1

[Event "2nd FIDE WCC Rapid G10"]
[Site "Minsk"]
[Date "2018.06.23"]
[Round "7"]
[White "Edithso, Samantha"]
[Black "Shukhman, Anna"]
[Result "1-0"]
[ECO "B43"]
[WhiteElo "1714"]
[BlackElo "1577"]
[Annotator "NA"]
[PlyCount "99"]
[EventDate "2018.06.22"]
[EventType "rapid"]
[EventCountry "BLR"]
[SourceTitle "playchess.com"]
[Source "ChessBase"]
[SourceQuality "1"]
[TimeControl "600+5"]

1. e4 c5 2. Nf3 e6 3. d4 cxd4 4. Nxd4 a6 5. Nc3 Qc7 6. Bd3 b5 7. O-O Bb7 8. Be3 Nf6 9. f3 Bc5 10. Bf2 O-O 11. Kh1 Qb6 12. e5 Nd5 13. Nxd5 Bxd5 14. b4 Bxd4 15. Bxd4 Qc7 16. Bc5 Re8 17. Bd6 Qb7 18. Qe2 Nc6 19. a3 Rac8 20. a4 Bc4 21. axb5 axb5 22. Bxc4 bxc4 23. c3 Ra8 24. Qxc4 Rec8 25. Qb3 Na5 26. Qd1 Nc4 27. Rxa8 Rxa8 28. Bc5 Nxe5 29. h3 h6 30. Qd4 Qb5 31. Rd1 Qe2 32. Qd2 Qc4 33. Qe3 Ng6 34. Qd3 Qa2 35. Qxd7 Nf4 36. Qd2 Qc4 37. Qc2 g6 38. Qe4 Qb3 39. Qxa8+ Kh7 40. Qa1 Qc2 41. Rg1 Qf5 42. Qb1 Qh5 43. Kh2 Ne2 44. Qe4 Nxc3 45. Qf4 Kg8 46. Ra1 Qd5 47. Qb8+ Kh7 48. Ra8 Qe5+ 49. Qxe5 Nd5 50. Qh8# 1-0

[Event "2nd FIDE WCC Rapid G10"]
[Site "Minsk"]
[Date "2018.06.23"]
[Round "7"]
[White "Kleymenova, Valeria"]
[Black "Ho, Ngoc Vy"]
[Result "1-0"]
[ECO "D05"]
[WhiteElo "1669"]
[BlackElo "1275"]
[Annotator "NA"]
[PlyCount "121"]
[EventDate "2018.06.22"]
[EventType "rapid"]
[EventCountry "BLR"]
[SourceTitle "playchess.com"]
[Source "ChessBase"]
[SourceQuality "1"]
[TimeControl "600+5"]

1. d4 d5 2. e3 Nf6 3. Bd3 c6 4. f4 e6 5. Nf3 Nbd7 6. O-O b6 7. Ne5 Bb7 8. Nd2 Bd6 9. c3 O-O 10. Qe2 c5 11. Ndf3 h6 12. Bd2 a5 13. Be1 Ne4 14. Bh4 Be7 15. Bxe7 Qxe7 16. Rac1 Nd6 17. Nxd7 Qxd7 18. Ne5 Qe7 19. Rf3 c4 20. Bb1 b5 21. Qc2 Ne4 22. f5 exf5 23. Rxf5 b4 24. Rcf1 Nd6 25. Rxf7 Ne4 26. Rxe7 Rxf1+ 27. Kxf1 Rf8+ 28. Kg1 b3 29. axb3 cxb3 30. Qxb3 Nd2 31. Qd1 Ba6 32. h3 Rf1+ 33. Qxf1 Nxf1 34. Bd3 Bxd3 35. Nxd3 Nd2 36. b4 axb4 37. cxb4 Nc4 38. b5 Kf8 39. Rb7 Nd6 40. Rb8+ Ke7 41. b6 g5 42. b7 Nxb7 43. Rxb7+ Ke6 44. Rb6+ Kf5 45. Rxh6 Ke4 46. Rd6 Kxd3 47. Rxd5 Kxe3 48. Rxg5 Kxd4 49. h4 Ke4 50. h5 Kf4 51. Rg8 Kf5 52. h6 Kf6 53. h7 Kf5 54. h8=Q Kf4 55. Qf6+ Ke4 56. Re8+ Kd5 57. Qd8+ Kc6 58. Re7 Kc5 59. Rc7+ Kb6 60. Qb8+ Ka6 61. Ra7# 1-0

[Event "2nd FIDE WCC Rapid G10"]
[Site "Minsk"]
[Date "2018.06.23"]
[Round "7"]
[White "Zhapova, Yana"]
[Black "Novikova, Daria"]
[Result "1-0"]
[ECO "B42"]
[WhiteElo "1597"]
[BlackElo "1341"]
[Annotator "NA"]
[PlyCount "100"]
[EventDate "2018.06.22"]
[EventType "rapid"]
[EventCountry "BLR"]
[SourceTitle "playchess.com"]
[Source "ChessBase"]
[SourceQuality "1"]
[TimeControl "600+5"]

1. e4 c5 2. Nf3 e6 3. d4 cxd4 4. Nxd4 a6 5. Bd3 Bc5 6. Nb3 Ba7 7. O-O Nc6 8. Re1 Qc7 9. Be3 b5 10. Bxa7 Rxa7 11. c4 b4 12. N1d2 Nge7 13. Rc1 O-O 14. Nf1 a5 15. Ne3 Bb7 16. Bb1 Ba6 17. Nd4 Rb7 18. b3 Rc8 19. Ne2 Ng6 20. Nd4 Nge7 21. Kh1 Kh8 22. Nxc6 Nxc6 23. Qh5 Ne5 24. f4 Ng6 25. f5 Qe5 26. Ng4 Qc5 27. Qh3 Kg8 28. fxg6 fxg6 29. Qe3 Qxe3 30. Nxe3 Rbc7 31. Rcd1 a4 32. Rd6 Ra8 33. Red1 Raa7 34. Ng4 axb3 35. axb3 Bc8 36. Rb6 Rcb7 37. Rxb7 Rxb7 38. Kg1 Rb6 39. Kf2 h5 40. Ne5 d6 41. Nxg6 Kf7 42. Nf4 e5 43. Nd5 Ra6 44. Rd2 Ra3 45. Bc2 Ra2 46. Ke3 Be6 47. Nxb4 Rb2 48. Nd5 Bxd5 49. exd5 Kf6 50. Bd1 Rb1 1-0

[Event "2nd FIDE WCC Rapid G10"]
[Site "Minsk"]
[Date "2018.06.23"]
[Round "7"]
[White "Szczotka, Klara"]
[Black "Loviagina, Dariana"]
[Result "1-0"]
[ECO "B28"]
[WhiteElo "1465"]
[BlackElo "1207"]
[Annotator "NA"]
[PlyCount "97"]
[EventDate "2018.06.22"]
[EventType "rapid"]
[EventCountry "BLR"]
[SourceTitle "playchess.com"]
[Source "ChessBase"]
[SourceQuality "1"]
[TimeControl "600+5"]

1. e4 c5 2. Nf3 a6 3. c3 d5 4. exd5 Qxd5 5. d4 e6 6. Be3 cxd4 7. Nxd4 e5 8. Nf3 Qxd1+ 9. Kxd1 Nc6 10. Nbd2 Bf5 11. Bc4 Nf6 12. Ke2 Bg4 13. h3 Bxf3+ 14. Nxf3 Bd6 15. Rad1 Rd8 16. Rd2 h6 17. Rhd1 Ke7 18. Nh4 g6 19. Bxf7 Ne4 20. Nxg6+ Kxf7 21. Nxh8+ Rxh8 22. Rxd6 Nxd6 23. Rxd6 Rg8 24. g3 Rg6 25. Rd7+ Ke6 26. Rxb7 Kd5 27. Rh7 a5 28. Rxh6 Rg8 29. g4 Rb8 30. b3 e4 31. Rh5+ Kd6 32. Bf4+ Ke6 33. Bxb8 Nxb8 34. Rxa5 Nc6 35. Ra6 Kd5 36. Rxc6 Kxc6 37. g5 Kd5 38. g6 Ke5 39. g7 Kf4 40. g8=Q Kf5 41. Qd5+ Kf6 42. Ke3 Kg7 43. Qe6 Kh7 44. Qf6 Kg8 45. Kxe4 Kh7 46. Qg5 Kh8 47. Kf5 Kh7 48. Kf6 Kh8 49. Qg7# 1-0